[Event "46th OKU-A 2019"]
[Site "Utrecht"]
[Date "2019.06.02"]
[Round "6.5"]
[White "Van Dael, Siem"]
[Black "Lalic, Bogdan"]
[Result "0-1"]
[ECO "C54"]
[WhiteElo "2218"]
[BlackElo "2400"]
[Annotator "ChessBase"]
[PlyCount "80"]
[EventDate "2019.05.31"]
[EventType "swiss"]
[EventCountry "NED"]
[SourceTitle "playchess.com"]
[Source "ChessBase"]
[SourceQuality "1"]
[TimeControl "6600+10"]

1. e4 e5 2. Nf3 Nc6 3. Bc4 Bc5 4. d3 Nf6 5. c3 d6 6. a4 a5 7. O-O O-O 8. Bg5 h6 9. Bh4 g5 10. Bg3 Bg4 11. Nbd2 Nh5 12. Kh1 Qf6 13. h3 Bd7 14. d4 exd4 15. Nb3 Bb6 16. cxd4 Nxg3+ 17. fxg3 Qg7 18. g4 Rae8 19. Re1 h5 20. gxh5 g4 21. Nh2 gxh3 22. gxh3 Kh8 23. Qd2 Qh7 24. Bd3 Qxh5 25. Qf4 f6 26. Bb5 Re7 27. Rad1 Bxh3 28. Rg1 Rh7 29. Rd3 Ne7 30. Bc4 Bd7 31. Rd2 Qh4 32. Rf2 Qxf4 33. Rxf4 Bxa4 34. Rd1 Bc6 35. Be6 Ba4 36. Kg2 Bxb3 37. Bxb3 f5 38. exf5 Nxf5 39. Re1 Ne3+ 40. Rxe3 Rxf4 0-1

[Event "46th OKU-A 2019"]
[Site "Utrecht"]
[Date "2019.06.02"]
[Round "6.6"]
[White "Cornelisse, John"]
[Black "Van Overdam, Julian"]
[Result "0-1"]
[ECO "E44"]
[WhiteElo "2204"]
[BlackElo "2371"]
[Annotator "ChessBase"]
[PlyCount "154"]
[EventDate "2019.05.31"]
[EventType "swiss"]
[EventCountry "NED"]
[SourceTitle "playchess.com"]
[Source "ChessBase"]
[SourceQuality "1"]
[TimeControl "6600+10"]

1. d4 Nf6 2. c4 e6 3. Nc3 Bb4 4. e3 b6 5. Nge2 Bb7 6. a3 Be7 7. d5 O-O 8. Ng3 Re8 9. Be2 b5 10. O-O bxc4 11. e4 Bf8 12. Bxc4 Ba6 13. Bxa6 Nxa6 14. b4 d6 15. Be3 Nb8 16. Rc1 c6 17. h3 Qd7 18. Qd3 Qb7 19. Rfd1 cxd5 20. exd5 Nbd7 21. Nge4 Nxe4 22. Nxe4 Ne5 23. Qb1 exd5 24. Nc3 Nc4 25. Nxd5 Nxa3 26. Qf5 Rac8 27. Rxc8 Qxc8 28. Qxc8 Rxc8 29. Bxa7 Nb5 30. Be3 f6 31. Ra1 Kf7 32. Ra5 Nc3 33. Ra7+ Ke6 34. Nc7+ Kf5 35. b5 d5 36. b6 d4 37. b7 Rb8 38. Bd2 Bd6 39. Na6 Nb5 40. Nxb8 Nxa7 41. Nd7 Nc6 42. Kf1 Ke6 43. Nb6 Bc7 44. Nc4 Kd5 45. Nb2 Bd6 46. Nd3 Nd8 47. Nf4+ Bxf4 48. Bxf4 Nxb7 49. Ke2 Nc5 50. f3 Kc4 51. Bd6 d3+ 52. Kd2 Nb3+ 53. Kd1 Nd4 54. Kd2 Ne6 55. Bg3 g6 56. Bd6 Nd4 57. Be7 f5 58. Bf6 Nb3+ 59. Kd1 Kd5 60. Bc3 Ke6 61. Bb2 f4 62. Bg7 Kf5 63. Bf8 g5 64. Be7 Kg6 65. Bb4 Kf6 66. Bc3+ Kf5 67. Bb4 h5 68. Be1 g4 69. hxg4+ hxg4 70. fxg4+ Kxg4 71. Bf2 Kf5 72. Be1 Ke4 73. Bf2 Nd4 74. Kd2 Nf5 75. Ke1 Ne3 76. g3 f3 77. Kd2 Ng4 0-1

[Event "46th OKU-A 2019"]
[Site "Utrecht"]
[Date "2019.06.02"]
[Round "6.7"]
[White "Van Kerkhof, David"]
[Black "Tabak, Stefan"]
[Result "0-1"]
[ECO "B32"]
[WhiteElo "2376"]
[BlackElo "2183"]
[Annotator "ChessBase"]
[PlyCount "84"]
[EventDate "2019.05.31"]
[EventType "swiss"]
[EventCountry "NED"]
[SourceTitle "playchess.com"]
[Source "ChessBase"]
[SourceQuality "1"]
[TimeControl "6600+10"]

1. e4 c5 2. Nf3 Nc6 3. d4 cxd4 4. Nxd4 e5 5. Nb5 d6 6. N1c3 a6 7. Na3 b5 8. Nd5 Nge7 9. c4 Nxd5 10. exd5 Nd4 11. cxb5 Bd7 12. Bd3 Be7 13. O-O axb5 14. Be3 Nf5 15. Bxf5 Bxf5 16. Nxb5 O-O 17. a4 Bd7 18. b3 f5 19. f3 f4 20. Bf2 Rf6 21. Na7 Qe8 22. Nc6 Rh6 23. Nxe7+ Qxe7 24. Qe2 Qf7 25. Rfd1 Qh5 26. Kf1 Qxh2 27. Rd2 Rg6 28. Bg1 Qh1 29. b4 Rxg2 30. Qxg2 Bh3 31. b5 Bxg2+ 32. Rxg2 Qh3 33. Bf2 Qxf3 34. Kg1 Qxd5 35. b6 e4 36. Rb1 e3 37. Bh4 Qe4 38. Rgb2 f3 39. b7 Rb8 40. Bg3 f2+ 41. Kf1 Qf3 42. Bxd6 Rxb7 0-1

[Event "46th OKU-A 2019"]
[Site "Utrecht"]
[Date "2019.06.02"]
[Round "6.8"]
[White "Reichardt, Robin"]
[Black "Halfhide, Sebastian"]
[Result "0-1"]
[ECO "E15"]
[WhiteElo "1925"]
[BlackElo "2252"]
[Annotator "ChessBase"]
[PlyCount "94"]
[EventDate "2019.05.31"]
[EventType "swiss"]
[EventCountry "NED"]
[SourceTitle "playchess.com"]
[Source "ChessBase"]
[SourceQuality "1"]
[TimeControl "6600+10"]

1. d4 Nf6 2. c4 e6 3. Nf3 b6 4. g3 Ba6 5. b3 Bb4+ 6. Bd2 Be7 7. Nc3 d5 8. Bg2 c6 9. cxd5 cxd5 10. O-O Nc6 11. Re1 O-O 12. Bg5 Rc8 13. Qd2 h6 14. Bxf6 Bxf6 15. Rac1 Be7 16. Qb2 Qd6 17. Nb1 Rc7 18. a3 Rfc8 19. b4 Bxe2 20. Rxc6 Rxc6 21. Qxe2 Rc1 22. Nbd2 a5 23. Nb3 Rxe1+ 24. Qxe1 a4 25. Nbd2 Qc7 26. Qe3 Qc1+ 27. Bf1 Bd6 28. Qd3 Rc3 29. Qb5 Rxa3 30. Qe8+ Bf8 31. Ne5 Qc7 32. Bb5 Qe7 33. Bxa4 f6 34. Ng6 Qxe8 35. Bxe8 Bxb4 36. Nf1 Bd6 37. Bd7 Kf7 38. Nh4 Rd3 39. Nf3 Rxf3 40. Ne3 Bf4 41. gxf4 Rxf4 42. Nc2 Rf3 43. Ne3 Rf4 44. Nc2 Ke7 45. Bb5 e5 46. Ne3 Kd6 47. dxe5+ fxe5 0-1

[Event "46th OKU-A 2019"]
[Site "Utrecht"]
[Date "2019.06.02"]
[Round "6.9"]
[White "Ondersteijn, Niels"]
[Black "Schouten, Jordy"]
[Result "1-0"]
[ECO "D34"]
[WhiteElo "2397"]
[BlackElo "2092"]
[Annotator "ChessBase"]
[PlyCount "77"]
[EventDate "2019.05.31"]
[EventType "swiss"]
[EventCountry "NED"]
[SourceTitle "playchess.com"]
[Source "ChessBase"]
[SourceQuality "1"]
[TimeControl "6600+10"]

1. c4 e6 2. g3 d5 3. Bg2 c5 4. Nf3 Nc6 5. O-O Nf6 6. cxd5 exd5 7. d4 Be7 8. Nc3 O-O 9. b3 Ne4 10. Bb2 f5 11. dxc5 Be6 12. Na4 f4 13. Nd4 Nxd4 14. Bxd4 Qe8 15. Nc3 Qh5 16. Nxe4 dxe4 17. Qc2 Bf5 18. Bxe4 Rae8 19. Qc4+ Kh8 20. Bxb7 Bd8 21. Qc3 Rf7 22. Bf3 Bg4 23. Bxg4 Qxg4 24. Qf3 Qg6 25. g4 h5 26. g5 Rfe7 27. h4 Rxe2 28. Rad1 Rxa2 29. Rfe1 Rf8 30. b4 Ra4 31. Bc3 Ra3 32. Bxg7+ Qxg7 33. Qxa3 f3 34. Rxd8 Rxd8 35. Qxf3 Rd4 36. Qxh5+ Kg8 37. Re8+ Qf8 38. Qg6+ Kh8 39. Rxf8# 1-0

[Event "46th OKU-A 2019"]
[Site "Utrecht"]
[Date "2019.06.02"]
[Round "6.10"]
[White "Van Randtwijk, Mick"]
[Black "Ootes, Lars"]
[Result "0-1"]
[ECO "B07"]
[WhiteElo "2079"]
[BlackElo "2360"]
[Annotator "ChessBase"]
[PlyCount "56"]
[EventDate "2019.05.31"]
[EventType "swiss"]
[EventCountry "NED"]
[SourceTitle "playchess.com"]
[Source "ChessBase"]
[SourceQuality "1"]
[TimeControl "6600+10"]

1. e4 d6 2. d4 Nf6 3. Nc3 g6 4. Be3 a6 5. Qd2 b5 6. f3 Nbd7 7. h4 Nb6 8. Bd3 h5 9. O-O-O Bg7 10. Kb1 c6 11. Nce2 Nfd7 12. f4 c5 13. e5 c4 14. Be4 d5 15. Bf3 Nb8 16. Nh3 Nc6 17. Ng5 f6 18. exf6 exf6 19. Nh3 b4 20. Ng3 Na4 21. Qe2 Qa5 22. f5 Nc3+ 23. bxc3 bxc3 24. Ka1 Nb4 25. Bc1+ Kd8 26. a3 Qa4 27. Kb1 Rb8 28. Bb2 Nc6 0-1

[Event "46th OKU-A 2019"]
[Site "Utrecht"]
[Date "2019.06.02"]
[Round "6.11"]
[White "Okkes, Menno"]
[Black "Mijnster, Niels"]
[Result "1/2-1/2"]
[ECO "D90"]
[WhiteElo "2320"]
[BlackElo "2064"]
[Annotator "ChessBase"]
[PlyCount "118"]
[EventDate "2019.05.31"]
[EventType "swiss"]
[EventCountry "NED"]
[SourceTitle "playchess.com"]
[Source "ChessBase"]
[SourceQuality "1"]
[TimeControl "6600+10"]

1. Nf3 g6 2. c4 c6 3. Nc3 d5 4. cxd5 cxd5 5. d4 Bg7 6. Bf4 Nf6 7. e3 O-O 8. h3 Nc6 9. Be2 Ne4 10. O-O g5 11. Bxg5 Nxg5 12. Nxg5 e5 13. Nf3 e4 14. Nh2 Qg5 15. Kh1 Kh8 16. f4 Qg3 17. Qd2 Ne7 18. Bg4 f5 19. Bd1 Qh4 20. Bb3 Be6 21. Nb5 Rad8 22. Nxa7 Rg8 23. Nb5 Bf6 24. Rg1 Rg3 25. Nc3 Rdg8 26. Ne2 R3g7 27. Qe1 Qh6 28. Qf1 Bh4 29. Rc1 Bg3 30. Rc7 Qh4 31. Nxg3 Rxg3 32. Qf2 Bf7 33. Bd1 Be8 34. a4 Nc6 35. Rxb7 Na5 36. Rb4 Qe7 37. Rb8 Nc4 38. Nf1 R3g7 39. b3 Qc7 40. Rxe8 Rxe8 41. bxc4 dxc4 42. g4 c3 43. gxf5 Rxg1+ 44. Kxg1 Rb8 45. Qh4 Rb2 46. Qf6+ Qg7+ 47. Qxg7+ Kxg7 48. a5 h5 49. a6 h4 50. a7 Ra2 51. Bc2 Rxa7 52. Bxe4 Ra2 53. Nh2 Ra1+ 54. Kg2 Ra2+ 55. Kg1 Ra1+ 56. Nf1 Ra2 57. Bd3 c2 58. Bxc2 Rxc2 59. Nh2 Rc1+ 1/2-1/2

[Event "46th OKU-A 2019"]
[Site "Utrecht"]
[Date "2019.06.02"]
[Round "6.12"]
[White "Sekandar, Kambiz"]
[Black "Van Rekom, Robert"]
[Result "1-0"]
[ECO "C00"]
[WhiteElo "2193"]
[BlackElo "1998"]
[Annotator "ChessBase"]
[PlyCount "75"]
[EventDate "2019.05.31"]
[EventType "swiss"]
[EventCountry "NED"]
[SourceTitle "playchess.com"]
[Source "ChessBase"]
[SourceQuality "1"]
[TimeControl "6600+10"]

1. e4 e6 2. Nf3 d5 3. Nc3 d4 4. Ne2 c5 5. c3 dxc3 6. bxc3 Nf6 7. Ng3 Nc6 8. Bc4 Bd6 9. d3 Qa5 10. Bd2 O-O 11. O-O b5 12. Bb3 c4 13. Bc2 e5 14. d4 Bg4 15. d5 Ne7 16. h3 Bc8 17. a4 Nd7 18. axb5 Qxb5 19. Qe2 a5 20. Rfb1 Qc5 21. Ba4 Qc7 22. Be3 f5 23. Nxf5 Nxf5 24. exf5 Bb7 25. Rxb7 Qxb7 26. Bc6 Qc7 27. Bxa8 Rxa8 28. Ra4 Qb7 29. Qxc4 Qb1+ 30. Qf1 Qb3 31. Qa1 Qxd5 32. c4 Qd3 33. Rxa5 Rxa5 34. Qxa5 Qb1+ 35. Qe1 Qxf5 36. Qd1 e4 37. Ng5 Qe5 38. Nxe4 1-0